 Dungeon Crawl Stone Soup version 0.31-a0-925-g0a390f2509 (webtiles) character file.

Game seed: 12318685047781094607

167 bobo the Slasher (level 5, -2/47 HPs)
             Began as a Gnoll Chaos Knight on Oct 18, 2023.
             Was a Plaything of Xom.
             Slain by a worldbinder (3 damage)
             ... on level 1 of the Abyss.
             The game lasted 00:07:37 (2078 turns).

bobo the Slasher (Gnoll Chaos Knight)               Turns: 2078, Time: 00:07:38

Health: -2/47      AC:  6    Str: 10 (11) XL:     5   Next: 48%
Magic:  4/7        EV: 12    Int: 10 (11) God:    Xom [....*.]
Gold:   182        SH:  0    Dex: 12 (14) Spells: 7/7 levels left

rFire   . . .        a - +0 falchion (chaos)
rCold   . . .        (no shield)
rNeg    . . .        b - +2 leather armour
rPois   .            (no helmet)
rElec   .            f - +0 cloak
rCorr   .            (no gloves)
SInv    .            (no boots)
Will    .....        (no amulet)
Stlth   +            (no ring)
HPRegen 0.27/turn    (no ring)
MPRegen 0.10/turn

%: no passive effects
@: brilliant
A: fangs 1, strong nose, distributed training
a: Renounce Religion


You were on level 1 of the Abyss.
You worshipped Xom.
You were a beloved toy of Xom.
You visited 1 branch of the dungeon, and saw 3 of its levels.
You visited the Abyss 1 time.

You collected 182 gold pieces.

Inventory:

Hand Weapons
 a - a +0 falchion of chaos (weapon)
 k - a +0 long sword
Missiles
 g - 4 atropa-tipped darts
Armour
 b - a +2 leather armour (worn)
 f - a +0 cloak (worn)
Jewellery
 i - a ring of fire
Scrolls
 c - a scroll of butterflies
 l - a scroll of teleportation
Potions
 e - 2 potions of degeneration
 j - a potion of brilliance


   Skills:
 + Level 6.7 Fighting
 + Level 1.5 Short Blades
 + Level 6.7 Long Blades
 + Level 1.5 Axes
 + Level 1.5 Maces & Flails
 + Level 1.5 Polearms
 + Level 1.5 Staves
 + Level 1.5 Ranged Weapons
 + Level 1.5 Throwing
 + Level 4.8 Armour
 + Level 3.0 Dodging
 + Level 1.5 Stealth
 + Level 1.5 Shields
 + Level 1.5 Unarmed Combat
 + Level 1.5 Spellcasting
 + Level 1.2 Conjurations
 + Level 1.2 Hexes
 + Level 1.2 Summonings
 + Level 1.2 Necromancy
 + Level 1.2 Translocations
 + Level 1.2 Transmutations
 + Level 1.2 Fire Magic
 + Level 1.2 Ice Magic
 + Level 1.2 Air Magic
 + Level 1.2 Earth Magic
 + Level 1.2 Poison Magic
 + Level 1.7 Invocations
 + Level 1.5 Evocations
 + Level 1.4 Shapeshifting


You had 7 spell levels left.
You didn't know any spells.
Your spell library contained the following spells:

 Spells                   Type           Power      Damage    Failure   Level
 Ensorcelled Hibernation  Hex/Ice        8%         N/A       36%         2
 Jinxbite                 Hex            8%         N/A       36%         2
 Stone Arrow              Conj/Erth      8%         3d7       61%         3
 Tukima's Dance           Hex            4%         N/A       61%         3
 Anguish                  Hex/Necr       2%         N/A       95%         4
 Animate Armour           Summ/Erth      8%         N/A       95%         4
 Passage of Golubria      Tloc           4%         N/A       95%         4
 Yara's Violent Unravell  Hex/Tmut       2%         3d3       100%        5
 Lehudib's Crystal Spear  Conj/Erth      2%         10d2      100%        8


Dungeon Overview and Level Annotations

Branches:
Dungeon (3/15)

Altars:
Fedhas
Wu Jian


Innate Abilities, Weirdness & Mutations

You have very sharp teeth.
Your uncanny sense of smell can sniff out nearby items.
Your experience applies equally to all skills.


Message History

The worldbinder is almost destroyed.
You cannot move.
Unknown command.
Throw: 6 darts (atropa)
Press: ? - help, Shift-Dir - straight line, f - worldbinder
Aim: a worldbinder (almost destroyed, unusually agile, unusually resistant, confused, ally target, 81% to hit, immune)
You throw an atropa-tipped dart.
The atropa-tipped dart hits the worldbinder.
The worldbinder is unaffected.
The worldbinder is almost destroyed.
The worldbinder seems less confused.
Your iron imp disappears in a puff of smoke!
The worldbinder calls forth creatures from the Snake Pit!
Throw: 5 darts (atropa)
Press: ? - help, Shift-Dir - straight line, f/p - worldbinder
Aim: a worldbinder (almost destroyed, unusually agile, unusually resistant, ally target, 61% to hit, immune)
You throw an atropa-tipped dart.
The atropa-tipped dart closely misses the worldbinder.
The atropa-tipped dart completely misses the mana viper.
The worldbinder hits you but does no damage. x2
A raiju comes into view.
The naga warrior completely misses you.
You hit the worldbinder but do no damage.
Nothing appears to happen.
The worldbinder is almost destroyed.
The worldbinder hits you.
The worldbinder hits you but does no damage.
The naga warrior hits you from afar with a +0 halberd!
* * * LOW HITPOINT WARNING * * *
You barely miss the worldbinder.
The worldbinder is almost destroyed.
You feel less wooden.
Your +0 cloak unmelds from your body.
Your +2 leather armour unmelds from your body.
The worldbinder is no longer unusually agile.
The worldbinder hits you.
* * * LOW HITPOINT WARNING * * *
The worldbinder hits you.
You die...
Xom bursts into laughter!

# . .. .. #.
.## .h# ## #
. # ..# .# #
. ## #....
#. x ..#. #
#. # #..
.##. .. #
#.##N.#....#
...#
#5@xSS(##.
.# .
######## ##
# # .# . ###


You could see a naga warrior (summoned), a mana viper (summoned), a worldbinder
(resistant, ally target), a black mamba (summoned), a raiju and a friendly white
imp (summoned).

Vanquished Creatures
  A phantom (D:3)
  An orc wizard (D:3)
  2 adders
  A gnoll (D:3)
  3 dart slugs
  An orc (D:3)
  6 bats
  An endoplasm (D:2)
  A giant cockroach (D:2)
  A goblin (D:2)
  6 hobgoblins
  3 quokkas
  7 ball pythons
  3 frilled lizards
  A kobold (D:2)
38 creatures vanquished.

Notes
Turn   | Place    | Note
-------+----------+-------------------------------------------
     0 | D:1      | bobo the Gnoll Chaos Knight began the quest for the Orb.
     0 | D:1      | Reached XP level 1. HP: 23/23 MP: 1/1
   354 | D:1      | XOM: divination: magic mapping
   626 | D:1      | XOM is BORED!
   626 | D:1      | XOM: silly message
   733 | D:2      | Reached XP level 2. HP: 28/29 MP: 2/2
   974 | D:2      | Reached XP level 3. HP: 33/35 MP: 3/3
  1139 | D:2      | Found a faded altar of an unknown god.
  1316 | D:3      | Noticed a phantom
  1319 | D:3      | Reached skill level 1 in Invocations
  1321 | D:3      | XOM: cleaving
  1330 | D:3      | Killed a phantom
  1331 | D:3      | Reached skill level 1 in Short Blades
  1331 | D:3      | Reached skill level 1 in Axes
  1331 | D:3      | Reached skill level 1 in Maces & Flails
  1331 | D:3      | Reached skill level 1 in Polearms
  1331 | D:3      | Reached skill level 1 in Staves
  1331 | D:3      | Reached skill level 1 in Ranged Weapons
  1331 | D:3      | Reached skill level 1 in Throwing
  1331 | D:3      | Reached skill level 1 in Stealth
  1331 | D:3      | Reached skill level 1 in Shields
  1331 | D:3      | Reached skill level 1 in Unarmed Combat
  1331 | D:3      | Reached skill level 1 in Spellcasting
  1331 | D:3      | Reached skill level 1 in Conjurations
  1331 | D:3      | Reached skill level 1 in Hexes
  1331 | D:3      | Reached skill level 1 in Summonings
  1331 | D:3      | Reached skill level 1 in Necromancy
  1331 | D:3      | Reached skill level 1 in Translocations
  1331 | D:3      | Reached skill level 1 in Transmutations
  1331 | D:3      | Reached skill level 1 in Fire Magic
  1331 | D:3      | Reached skill level 1 in Ice Magic
  1331 | D:3      | Reached skill level 1 in Air Magic
  1331 | D:3      | Reached skill level 1 in Earth Magic
  1331 | D:3      | Reached skill level 1 in Poison Magic
  1331 | D:3      | Reached skill level 1 in Evocations
  1331 | D:3      | Reached skill level 1 in Shapeshifting
  1331 | D:3      | Reached XP level 4. HP: 40/41 MP: 5/5
  1490 | D:3      | XOM: cloud trail
  1532 | D:3      | XOM: 4-stop teleportation journey
  1573 | D:3      | Reached XP level 5. HP: 44/47 MP: 5/7
  1744 | D:3      | Found a blossoming altar of Fedhas.
  1762 | D:3      | Found an ornate altar of the Wu Jian Council.
  1970 | Abyss:1  | Cast into level 1 of the Abyss (orc)
  1988 | Abyss:1  | XOM: god gift: 6 atropa-tipped darts
  2019 | Abyss:1  | Noticed a worldbinder
  2021 | Abyss:1  | Noticed a black mamba
  2022 | Abyss:1  | Noticed a black mamba
  2026 | Abyss:1  | Noticed a mana viper
  2043 | Abyss:1  | XOM: summons 5 friendly demons
  2045 | Abyss:1  | XOM: polymorph crimson imp -> iron imp
  2046 | Abyss:1  | Noticed a mana viper
  2046 | Abyss:1  | Noticed a naga warrior
  2047 | Abyss:1  | Noticed a mana viper
  2062 | Abyss:1  | Noticed a black mamba
  2062 | Abyss:1  | Noticed a black mamba
  2076 | Abyss:1  | Noticed a naga warrior
  2076 | Abyss:1  | Noticed a black mamba
  2076 | Abyss:1  | Noticed a mana viper
  2076 | Abyss:1  | Noticed a raiju
  2078 | Abyss:1  | HP: 1/47 [worldbinder (5)]
  2078 | Abyss:1  | Slain by a worldbinder

Illustrated notes

Levels and vault maps discovered:
D:1:      dpeg_arrival_shrine, layout_loops_ring
D:2:      layout_basic, shapermc_ecumenical_altar_pompeii, grunt_ministairs_12
D:3:      minmay_chambers_of_threes, layout_loops_cross,
          mainiacjoe_overflow_catwalk_spiral, roderic_roman_lattice,
          eino_curves_04, minmay_stone_trees_small
Abyss:1:  base:
D:1

Skill      XL: |  1  2  3  4  5 |
---------------+----------------+-----
Invocations    | 1 |  1.7
Short Blades   | 1 |  1.5
Axes           | 1 |  1.5
Maces & Flails | 1 |  1.5
Polearms       | 1 |  1.5
Staves         | 1 |  1.5
Ranged Weapons | 1 |  1.5
Throwing       | 1 |  1.5
Stealth        | 1 |  1.5
Shields        | 1 |  1.5
Unarmed Combat | 1 |  1.5
Spellcasting   | 1 |  1.5
Conjurations   | 1 |  1.2
Hexes          | 1 |  1.2
Summonings     | 1 |  1.2
Necromancy     | 1 |  1.2
Translocations | 1 |  1.2
Transmutations | 1 |  1.2
Fire Magic     | 1 |  1.2
Ice Magic      | 1 |  1.2
Air Magic      | 1 |  1.2
Earth Magic    | 1 |  1.2
Poison Magic   | 1 |  1.2
Evocations     | 1 |  1.5
Shapeshifting  | 1 |  1.4
Dodging        | 3 |  3.0
Fighting       | |  6.7
Long Blades    | |  6.7
Armour         | |  4.8

Action                     |  1- 3 |  4- 6 || total
---------------------------+-------+-------++-------
  Melee: Falchion          |    79 |    83 ||   162
         Bite              |     6 |     7 ||    13
         Punch             |     1 |       ||     1
  Throw: Dart              |       |     2 ||     2
    Use: Potion            |       |     7 ||     7
         Scroll            |       |     4 ||     4
   Stab: Confused          |     2 |     1 ||     3
         Petrified         |       |    13 ||    13
         Petrifying        |       |     1 ||     1
         Sleeping          |       |     1 ||     1
 Armour: Leather armour    |    53 |    32 ||    85
         Skin              |       |    54 ||    54
  Dodge: Dodged            |    57 |    37 ||    94

Table legend: (Time is in decaauts)
 A = Elapsed time spent in this place.
 B = Non-inter-level travel time spent in this place.
 C = Inter-level travel time spent in this place.
 D = Time resting spent in this place.
 E = Time spent auto-exploring this place.
 F = Levels seen in this place.
 G = Mean time per level.
                   A        B        C        D        E       F      G
               +--------+--------+--------+--------+--------+-----+--------+
         Total |   2071 |   2020 |     51 |      0 |   1464 |   4 |  517.8 |
       Dungeon |   1964 |   1913 |     51 |      0 |   1464 |   3 |  654.7 |
         Abyss |    106 |    106 |      0 |      0 |      0 |   1 |  106.0 |
               +--------+--------+--------+--------+--------+-----+--------+

Top non-repeatable levels by time:
     D:1: 688 daAuts
     D:3: 661 daAuts
     D:2: 614 daAuts
 Abyss:1: 106 daAuts
